 Dungeon Crawl Stone Soup version 0.25-a0-829-g4e6a552925 (webtiles) character file.

Game seed: 8332869926972086986, levelgen mode: deterministic

674 Maedhros the Sneak (level 7, -7/43 HPs)
             Began as an Octopode Artificer on Apr 21, 2020.
             Shot with an arrow by a centaur (16 damage)
             ... on level 6 of the Dungeon.
             The game lasted 00:05:45 (1274 turns).

Maedhros the Sneak (Octopode Artificer)             Turns: 1274, Time: 00:05:45

Health: -7/43      AC:  3    Str:  8 (11) XL:     7   Next: 59%
Magic:  11/11      EV: 13    Int: 10 (13) God:
Gold:   257        SH:  0    Dex: 13 (15) Spells: 4/6 levels left

rFire    . . .     SeeInvis .   g - +0 dagger (venom)
rCold    . . .     Gourm    .   (no shield)
rNeg     . . .     Faith    .   a - +2 hat
rPois    .         Spirit   .   (no amulet)
rElec    .         Reflect  .   (no ring)
rCorr    .         Harm     .   (no ring)
MR       .....                  (no ring)
Stlth    ++++......             (no ring)
HPRegen  0.14/turn              (no ring)
MPRegen  0.12/turn              (no ring)
                                (no ring)
                                (no ring)

@: no status effects
A: almost no armour, stealthy swim, amphibious, 8 rings, constrict 8, camouflage
1, gelatinous body 1
a: no special abilities


You were on level 6 of the Dungeon.
You were not hungry.

You visited 1 branch of the dungeon, and saw 6 of its levels.

You collected 257 gold pieces.

Inventory:

Hand Weapons
 g - a +0 dagger of venom (weapon)
Missiles
 m - 27 poisoned darts (quivered)
Armour
 a - a +2 hat (worn)
Jewellery
 k - an uncursed ring of ice
Wands
 c - a wand of enslavement (20)
 d - a wand of random effects (12)
 l - a wand of polymorph (13)
 p - a wand of iceblast (6)
Scrolls
 e - a scroll of enchant weapon {unknown}
 n - a scroll of enchant armour {unknown}
 o - a scroll of random uselessness {unknown}
 r - 3 scrolls of teleportation {unknown}
 t - a scroll of remove curse {unknown}
Potions
 b - a potion of invisibility {unknown}
 i - a potion of mutation {unknown}
 j - a potion of degeneration
 q - a potion of lignification {unknown}
 s - a potion of might {unknown}
Comestibles
 f - 4 rations


   Skills:
 - Level 1.0 Fighting
 - Level 1.0 Short Blades
 - Level 2.0 Dodging
 + Level 5.7 Stealth
 * Level 5.5 Unarmed Combat
 + Level 5.4 Evocations


You had 4 spell levels left.
You knew the following spells:

 Your Spells              Type           Power        Failure   Level  Hunger
a - Animate Skeleton      Necr           N/A          36%         1    ##.....
b - Apportation           Tloc           #.....       36%         1    ##.....

Your spell library contained the following spells:

 Spells                   Type           Power        Failure   Level  Hunger
 Corona                   Hex            #......      36%         1    ##.....
 Summon Small Mammal      Summ           #...         36%         1    ##.....


Dungeon Overview and Level Annotations

Branches:
Dungeon (6/15)
 Temple: D:4-7

Altars:
Elyvilon

Shops:
D:6 %


Innate Abilities, Weirdness & Mutations

You cannot wear most types of armour.
You are very stealthy in the water. (Stealth+)
You are amphibious.
You can wear up to eight rings at the same time.
You can use your tentacles to constrict eight enemies at once.
Your skin changes colour to match your surroundings (Stealth+).
Your rubbery body absorbs attacks. (AC +1, EV +1)


Message History

You start memorising the spell.
You continue memorising.
You finish memorising.
Spell assigned to 'b'.
r - 3 scrolls labeled WOWE PESCHY (gained 1)
You open the door.
There is an open door here.
Found 11 gold pieces and a scroll labeled PEASCH HEPTOTTUPIT.
An orc comes into view.
A centaur comes into view.
The orc shouts!
You hear a shout!
The centaur wields a +0 shortbow.
The centaur shoots an arrow.
The arrow hits you!
* * * LOW HITPOINT WARNING * * *
The orc throws a boomerang.
The boomerang closely misses you.
Evoke which item? (* to show all) (? for menu, Esc to quit)
Aiming: Enslavement
Press: ? - help, Shift-Dir - straight line, f - centaur
Aim: a centaur, wielding a +0 shortbow and quivering 18 arrows (chance to defeat MR: 62%)
The centaur resists with significant effort.
The centaur shoots an arrow.
The arrow hits you!
You die...

#.......#. .# #..#.
####.......###.## #..#.
#....#..........## ###....
#....'.∩..................
#....#..........######..#.
#....#..........# ##+#.
#....#..........# ..
#....#..........# ...
#....#...@......# ....
######..........# .....
#..........# ......
#....$...?.c.
#...o......#. ############


You could see a centaur and an orc.

Vanquished Creatures
  Blork the orc (D:5)
  An ice beast (D:6)
  2 bullfrogs (D:6)
  A water moccasin skeleton (D:4)
  A howler monkey (D:5)
  A crimson imp (D:6)
  A hound (D:6)
  A centaur skeleton (D:4)
  An iguana (D:4)
  A worker ant (D:5)
  A killer bee zombie (D:6)
  A hound zombie (D:5)
  2 adders
  2 howler monkey skeletons
  An ooze (D:3)
  3 adder skeletons
  A worm (D:6)
  A leopard gecko (D:6)
  8 orcs
  A giant cockroach (D:4)
  5 goblins
  A hobgoblin (D:3)
  3 quokkas
  A ball python (D:6)
  A bat (D:3)
  2 frilled lizards (D:2)
  2 rats
47 creatures vanquished.

Vanquished Creatures (collateral kills)
  An ice beast (D:5)
  An iguana (D:5)
  A worm (D:5)
3 creatures vanquished.

Vanquished Creatures (others)
  A frilled lizard (D:4)
1 creature vanquished.

Grand Total: 51 creatures vanquished

Notes
Turn   | Place    | Note
-------+----------+-------------------------------------------
     0 | D:1      | Maedhros the Octopode Artificer began the quest for the
                  | Orb.
     0 | D:1      | Reached XP level 1. HP: 13/13 MP: 3/3
   119 | D:2      | Reached skill level 1 in Unarmed Combat
   119 | D:2      | Reached XP level 2. HP: 18/18 MP: 4/4
   338 | D:4      | Reached XP level 3. HP: 17/23 MP: 5/5
   389 | D:4      | Reached XP level 4. HP: 9/28 MP: 5/7
   553 | D:4      | Reached XP level 5. HP: 12/33 MP: 8/8
   571 | D:4      | Found a white marble altar of Elyvilon.
   711 | D:5      | Entered Level 5 of the Dungeon
   817 | D:5      | Noticed Blork the orc
   817 | D:5      | Noticed an ice beast
   827 | D:5      | Killed an ice beast
   827 | D:5      | Reached XP level 6. HP: 38/38 MP: 9/9
   855 | D:5      | Killed Blork the orc
  1010 | D:6      | Noticed an ice beast
  1019 | D:6      | Killed an ice beast
  1019 | D:6      | Reached skill level 5 in Stealth
  1019 | D:6      | Reached skill level 5 in Evocations
  1019 | D:6      | Reached XP level 7. HP: 34/43 MP: 10/10
  1122 | D:6      | Reached skill level 5 in Unarmed Combat
  1239 | D:6      | Found Hutzama's Food Shoppe.
  1258 | D:6      | Learned a level 1 spell: Animate Skeleton
  1260 | D:6      | Learned a level 1 spell: Apportation
  1274 | D:6      | Shot with an arrow by a centaur

Levels and vault maps discovered:
D:1:      matt_arrival_refuge, layout_basic, roderic_roman_lattice, minivault_19
D:2:      layout_rooms
D:3:      layout_basic, grunt_temple_overflow_order_and_chaos_1
D:4:      layout_basic, first_ration, serial_curves, eino_curves_03,
          eino_curves_02, eino_curves_04, elyvilon_altar_4
D:5:      layout_rooms, minmay_misc_feat_columns, chei_slow_surprise,
          uniq_blork_the_orc
D:6:      layout_basic, serial_shops, shop, minivault_24

Skill      XL: |  1  2  3  4  5  6  7 |
---------------+----------------------+-----
Unarmed Combat | 1 2 3 4 5 |  5.5
Stealth        | 2 3 4 5 |  5.7
Evocations     | 4 5 |  5.4
Fighting       | |  1.0
Short Blades   | |  1.0
Dodging        | |  2.0

Action                   |  1- 3 |  4- 6 |  7- 9 || total
-------------------------+-------+-------+-------++-------
Melee: Short sword       |     9 |       |       ||     9
       Constrict         |     7 |    11 |    11 ||    29
       Tentacles         |     4 |     8 |     9 ||    21
       Dagger            |    18 |    38 |    43 ||    99
       Punch             |       |     2 |     2 ||     4
Evoke: Wand              |     4 |    12 |     4 ||    20
  Use: Potion            |       |       |     2 ||     2
 Stab: Sleeping          |     3 |     4 |     1 ||     8
  Eat: Chunk             |       |       |     1 ||     1
Armor: Skin              |     1 |     6 |    10 ||    17
Dodge: Dodged            |    14 |    10 |    23 ||    47

Table legend:
 A = Non-vault XP
 B = Vault XP
 C = Vault XP percentage of total XP
 D = Non-vault monster count
 E = Vault monster count
 F = Vault count percentage of total count
                 A         B        C        D         E       F
            +---------+---------+-------+---------+---------+-------
      Total |     877 |      87 |   9.0 |      49 |       1 |   2.0
            +---------+---------+-------+---------+---------+-------
        D:1 |       1 |       0 |   0.0 |       1 |       0 |   0.0
        D:2 |       9 |       0 |   0.0 |       6 |       0 |   0.0
        D:3 |      15 |       0 |   0.0 |       5 |       0 |   0.0
        D:4 |     187 |       0 |   0.0 |      10 |       0 |   0.0
        D:5 |     216 |      87 |  28.7 |      15 |       1 |   6.2
        D:6 |     449 |       0 |   0.0 |      12 |       0 |   0.0
            +---------+---------+-------+---------+---------+-------
